AoeStats
← 1000ei

Scandinavia

510419508Analyzed
1v1 RM · 2d ago on Sep 30, 2026· 63m 1s· 2 players
Game mode
Random Map
Map size
Tiny (2 player)
Population
200
Speed
Normal
Resources
Standard
Victory
Conquest
Starting age
Dark Age
Ending age
Imperial Age
RankedLock teamsTeams togetherTeam positionsShared explorationLock speedFull tech treeHidden civsTurbo modeCheats
Victory
Defeat
🇦🇷 Lithuanians · Argentina
1241
+17
🇧🇷 Cumans · Brazil
1264
-17
1000ei
11:26 Feudal Age
12:37 Loom
15:29 Castle Age
13:19 Double-Bit Axe
13:45 Horse Collar
14:53 Gold Mining
16:02 Scale Barding Armor
16:07 Forging
15:48 Fishing Lines
18:15 Bow Saw
19:18 Stone Mining
20:23 Horse Collar
23:56 Medium Warships
25:08 Town Watch
27:40 Wheelbarrow
30:38 Imperial Age
29:23 Heavy Plow
29:42 Hand Cart
30:13 Chain Barding Armor
30:29 Iron Casting
29:44 Fletching
30:57 Husbandry
32:01 Conscription
33:32 Bloodlines
36:51 Bodkin Arrow
37:19 Town Patrol
37:04 Pikeman
40:16 Elite Leitis
41:44 Plate Barding Armor
41:44 Iron Casting
41:53 Scale Mail Armor
44:11 Chemistry
45:46 Bracer
47:02 Ballistics
46:53 Masonry
47:32 Elite Skirmisher
50:53 Light Cavalry
52:22 Thumb Ring
51:58 Winged Hussar
52:13 Halberdier
53:57 Squires
55:58 Two-Man Saw
59:44 Padded Archer Armor
60:00 Chain Mail Armor
oleúde
2:43 Loom
12:08 Feudal Age
12:36 Fishing Lines
14:21 Double-Bit Axe
15:49 Horse Collar
17:15 Bloodlines
22:45 Castle Age
20:47 Town Watch
22:54 Wheelbarrow
22:25 Stone Mining
22:25 Gold Mining
22:28 Fletching
22:38 Padded Archer Armor
24:24 Medium Warships
24:09 Gillnets
24:50 Bow Saw
24:41 Heavy Plow
28:15 Ballistics
27:53 Bodkin Arrow
28:13 Leather Archer Armor
28:07 Thumb Ring
33:00 Imperial Age
30:20 Light Cavalry
31:06 Scale Barding Armor
31:12 Forging
31:07 Steppe Husbandry
36:22 Chemistry
35:57 Ring Archer Armor
36:21 Elite Steppe Lancer
37:37 Chain Barding Armor
37:54 Iron Casting
41:49 Conscription
42:52 Plate Barding Armor
43:18 Blast Furnace
45:58 Elite Kipchak
49:05 Hussar
53:38 Town Patrol
53:54 Hand Cart
56:47 Parthian Tactics
63:28 Murder Holes
Connection lost

Rejoining the realm…

Still unreachable

The connection could not be restored.

Session expired

The server has moved on; the page needs a fresh start.